 Dungeon Crawl Stone Soup version 0.30-a0-782-ge64f9170bb (webtiles) character file.

Game seed: 7355386669767840269

1286 Barriton the Conjurer (level 8, -3/59 HPs)
             Began as a Purple Draconian Conjurer on Mar 13, 2023.
             Slain by a brown ugly thing (12 damage)
             ... on level 10 of the Dungeon.
             The game lasted 00:13:26 (7466 turns).

Barriton the Conjurer (Purple Draconian Conjurer)   Turns: 7466, Time: 00:13:27

Health: -3/59      AC:  7    Str: 11    XL:     8   Next: 30%
Magic:  2/19       EV: 12    Int: 20    God:
Gold:   285        SH:  0    Dex:  9    Spells: 12/21 levels left

rFire   . . .      SeeInvis .    q - staff of cold
rCold   + + .      Faith    .    (no shield)
rNeg    . . .      Spirit   .    (body armour unavailable)
rPois   .          Reflect  .    (helmet restricted)
rElec   .          Harm     .    (no cloak)
rCorr   .          Rampage  .    m - +0 pair of gloves
Will    ++...                    (no boots)
Stlth   ++                       (no amulet)
HPRegen 0.29/turn                e - ring of protection from cold
MPRegen 0.16/turn                c - ring of willpower

@: no status effects
A: breathe power, AC +6, unfitting armour, cold-blooded
a: Breathe Dispelling Energy


You were on level 10 of the Dungeon.
You visited 1 branch of the dungeon, and saw 8 of its levels.

You collected 285 gold pieces.

Inventory:

Hand Weapons
 o - a +0 quarterstaff of protection
Armour
 m - a +0 pair of gloves (worn)
Magical Staves
 q - a staff of cold (weapon)
Jewellery
 c - a ring of willpower (right hand)
 e - a ring of protection from cold (left hand)
 k - a ring of fire
 t - a ring of resist corrosion
 u - a ring of willpower
Wands
 v - a wand of roots (6)
Scrolls
 b - a scroll of teleportation
 d - 3 scrolls of noise
 p - a scroll of fear
 s - a scroll of brand weapon
Potions
 a - a potion of magic
 f - 6 potions of curing
 g - 2 potions of haste
 h - a potion of ambrosia
 i - 2 potions of brilliance
 j - a potion of lignification {unknown}
 l - 2 potions of degeneration
 n - a potion of heal wounds {unknown}
 r - a potion of cancellation {unknown}
 w - a potion of berserk rage {unknown}


   Skills:
 + Level 1.5 Fighting
 + Level 3.1 Dodging
 + Level 3.3 Stealth
 + Level 7.3 Spellcasting
 + Level 7.4 Conjurations
 + Level 0.5 Hexes
 + Level 0.1 Ice Magic


You had 12 spell levels left.
You knew the following spells:

 Your Spells              Type           Power      Damage    Failure   Level
a - Magic Dart            Conj           100%       1d8       1%          1
b - Searing Ray           Conj           74%        2d7       1%          2
c - Dazzling Flash        Conj/Hex       46%        N/A       5%          3
d - Hailstorm             Conj/Ice       33%        3d8       6%          3

Your spell library contained the following spells:

 Spells                   Type           Power      Damage    Failure   Level
 Stone Arrow              Conj/Erth      44%        3d9       6%          3
 Apportation              Tloc           14%        N/A       9%          1
 Freeze                   Ice            44%        1d6       9%          1
 Sandblast                Erth           14%        2d6       9%          1
 Passwall                 Tmut/Erth      5%         N/A       14%         2
 Sublimation of Blood     Necr           7%         N/A       14%         2
 Wereblood                Tmut           7%         N/A       14%         2
 Fulminant Prism          Conj/Hex       11%        3d8       17%         4
 Iskenderun's Mystic Bla  Conj/Tloc      22%        2d6       21%         4
 Frozen Ramparts          Ice            22%        1d4       26%         3
 Ozocubu's Armour         Ice            11%        N/A       26%         3
 Irradiate                Conj/Tmut      11%        3d15      50%         5
 Petrify                  Tmut/Erth      7%         N/A       65%         4
 Metabolic Englaciation   Hex/Ice        6%         N/A       92%         5
 Alistair's Intoxication  Tmut/Pois      4%         N/A       94%         5
 Simulacrum               Ice/Necr       5%         N/A       100%        6
 Summon Hydra             Summ           3%         N/A       100%        7


Dungeon Overview and Level Annotations

Branches:
Dungeon (7/15)
 Temple: D:4-7

Altars:
Ashenzari
Dithmenos
Elyvilon
Fedhas
Gozag
Kikubaaqudgha
Okawaru
Qazlal
Ru
Yredelemnul

Shops:
D:5 ?

Annotations:
D:4 1 runed translucent door


Innate Abilities, Weirdness & Mutations

You can breathe bolts of dispelling energy.
Your rich purple scales are hard. (AC +6)
You cannot fit into any form of body armour.
You are cold-blooded and may be slowed by cold attacks.


Message History

Aim: a cyan ugly thing (lightly wounded, 81% to hit)
The searing ray hits the cyan ugly thing!
The cyan ugly thing is moderately wounded. (Press . to maintain the ray.)
The cyan ugly thing headbutts you but does no damage.
The searing ray hits the cyan ugly thing!
The cyan ugly thing is moderately wounded.
The cyan ugly thing barely misses you.
The searing ray hits the cyan ugly thing.
The cyan ugly thing is moderately wounded.
The cyan ugly thing barely misses you.
The searing ray hits the cyan ugly thing.
The cyan ugly thing is heavily wounded.
You finish channelling your searing ray.
The cyan ugly thing headbutts you! The cyan ugly thing shocks you!
The cyan ugly thing basks in your mutagenic energy and changes!
Casting: Searing Ray (safe; 1% risk of failure)
Confirm with . or Enter, or press ? or * to list all spells.
You don't know that spell.
Casting: Searing Ray (safe; 1% risk of failure)
Confirm with . or Enter, or press ? or * to list all spells.
Aiming: Searing Ray (safe; 1% risk of failure)
Press: ? - help, Shift-Dir - straight line, f/p - brown ugly thing
Aim: a brown ugly thing (heavily wounded, 81% to hit)
The searing ray hits the brown ugly thing.
The brown ugly thing is heavily wounded. (Press . to maintain the ray.)
Your magical contamination has completely faded away.
The searing ray hits the brown ugly thing!
The brown ugly thing is heavily wounded.
The brown ugly thing kicks you but does no damage.
The searing ray misses the brown ugly thing.
The brown ugly thing kicks you but does no damage.
The searing ray hits the brown ugly thing!
The brown ugly thing is severely wounded.
You finish channelling your searing ray.
The brown ugly thing kicks you.
You are splashed with acid!
* * * LOW HITPOINT WARNING * * *
The brown ugly thing kicks you!
You die...

#########
#.......#
###.......#
#......[..#
###.......#
#.......#
#.......#
#.......#
#####.@##
##u# ....
##....#
####..#
#... ##.


You could see a brown ugly thing.

Vanquished Creatures
  A black bear (D:5)
  An ice beast (D:5)
  2 bullfrogs (D:6)
  3 scorpions
  A howler monkey (D:6)
  3 jellies
  5 orc priests
  3 hounds
  2 iguanas (D:5)
  7 orc wizards
  4 gnolls (D:3)
  5 adders
  2 white imps (D:6)
  2 ufetubi
  2 worms
  5 dart slugs
  17 orcs
  6 bats
  5 endoplasms
  5 giant cockroaches (D:4)
  6 goblins
  11 hobgoblins
  3 kobolds
  2 quokkas
  5 ball pythons
  5 frilled lizards
  8 rats
121 creatures vanquished.

Vanquished Creatures (others)
  A human (D:3)
1 creature vanquished.

Grand Total: 122 creatures vanquished

Notes
Turn   | Place    | Note
-------+----------+-------------------------------------------
     0 | D:1      | Barriton the Draconian Conjurer began the quest for the
                  | Orb.
     0 | D:1      | Reached XP level 1. HP: 14/14 MP: 3/3
   362 | D:1      | Reached XP level 2. HP: 20/20 MP: 0/5
   938 | D:1      | Learned a level 2 spell: Searing Ray
  1522 | D:2      | Reached XP level 3. HP: 26/26 MP: 3/6
  2411 | D:3      | Reached XP level 4. HP: 34/34 MP: 0/7
  2484 | D:3      | Reached skill level 5 in Conjurations
  2570 | D:3      | Found an ancient bone altar of Kikubaaqudgha.
  2571 | D:3      | Noticed a human
  2573 | D:3      | Killed a human
  2886 | D:3      | Found a faded altar of an unknown god.
  3086 | D:3      | Reached XP level 5. HP: 39/39 MP: 3/9
  3452 | D:4      | Reached skill level 1 in Fighting
  3632 | D:4      | Found a runed translucent door.
  3703 | D:4      | Reached XP level 6. HP: 47/47 MP: 3/11
  4485 | D:4      | Found a blossoming altar of Fedhas.
  4487 | D:4      | Found a shadowy altar of Dithmenos.
  4487 | D:4      | Found an iron altar of Okawaru.
  4488 | D:4      | Found a sacrificial altar of Ru.
  4488 | D:4      | Found an opulent altar of Gozag.
  4490 | D:4      | Found a stormy altar of Qazlal.
  4491 | D:4      | Found a basalt altar of Yredelemnul.
  4492 | D:4      | Found a broken altar of Ashenzari.
  4519 | D:5      | Entered Level 5 of the Dungeon
  4794 | D:5      | Found a white marble altar of Elyvilon.
  4894 | D:5      | Noticed an ice beast
  4903 | D:5      | Killed an ice beast
  4904 | D:5      | Your scales start taking on a rich purple colour.
  4904 | D:5      | Reached skill level 5 in Spellcasting
  4904 | D:5      | Reached XP level 7. HP: 52/52 MP: 3/15
  4908 | D:5      | Learned a level 3 spell: Dazzling Flash
  5271 | D:5      | Found Ihyumut's Magic Scroll Shop.
  6174 | D:6      | Learned a level 3 spell: Hailstorm
  6472 | D:6      | Reached XP level 8. HP: 33/59 MP: 10/18
  7446 | D:7      | You fall into a shaft and drop 3 floors!
  7446 | D:10     | Entered Level 10 of the Dungeon
  7453 | D:10     | Noticed a cyan ugly thing
  7466 | D:10     | Slain by a brown ugly thing

Illustrated notes

Levels and vault maps discovered:
D:1:      ncdulo_lavacross, layout_loops_corners, minivault_26
D:2:      layout_basic, chequers_avenue, minivault_4
D:3:      minmay_general_purpose_star, layout_basic, tgw_kikubaaqudgha,
          shapermc_ecumenical_altar_gd
D:4:      cheibrodos_helix_gallery, layout_rooms, minitemple,
          gammafunk_ghost_grave, portal_sewer_entry_b
D:5:      layout_loops_corners, mainiacjoe_overflow_cross_hatched, serial_shops,
          shop, minmay_between
D:6:      layout_loops_cross, grunt_ministairs_15, nicolae_fountain_basement
D:7:      cheibrodos_wizards_tower, layout_loops_ring,
          minmay_temple_entry_poolview, minmay_misc_feat_ornament, uniq_maggie
D:10:     layout_rooms, grunt_lair_entry_orc_guard_hut, orc_0_dummy,
          serial_shops, nicolae_shop_hallway_stairs

Skill      XL: |  1  2  3  4  5  6  7  8 |
---------------+-------------------------+-----
Dodging        | 2 3 |  3.1
Stealth        | 2 3 |  3.3
Conjurations   | 5 6 7 |  7.4
Spellcasting   | 3 5 6 7 |  7.3
Fighting       | 1 |  1.5
Hexes          | |  0.5
Ice Magic      | |  0.1

Action                     |  1- 3 |  4- 6 |  7- 9 || total
---------------------------+-------+-------+-------++-------
  Melee: Unarmed           |    42 |    29 |       ||    71
         Tailslap          |     2 |     3 |     2 ||     7
         Quarterstaff      |       |     4 |    23 ||    27
   Cast: Magic Dart        |    73 |   117 |    77 ||   267
         Searing Ray       |     1 |    11 |    15 ||    27
         Dazzling Flash    |       |       |     5 ||     5
         Hailstorm         |       |       |     4 ||     4
    Use: Scroll            |    10 |     3 |     3 ||    16
 Armour: Skin              |    26 |    18 |    36 ||    80
  Dodge: Dodged            |    57 |    27 |    25 ||   109

Table legend: (Time is in decaauts)
 A = Elapsed time spent in this place.
 B = Non-inter-level travel time spent in this place.
 C = Inter-level travel time spent in this place.
 D = Time resting spent in this place.
 E = Time spent auto-exploring this place.
 F = Levels seen in this place.
 G = Mean time per level.
                   A        B        C        D        E       F      G
               +--------+--------+--------+--------+--------+-----+--------+
         Total |   7471 |   7316 |    155 |      0 |   6471 |   8 |  933.9 |
       Dungeon |   7471 |   7316 |    155 |      0 |   6471 |   8 |  933.9 |
               +--------+--------+--------+--------+--------+-----+--------+

Top non-repeatable levels by time:
     D:5: 1642 daAuts
     D:6: 1290 daAuts
     D:4: 1229 daAuts
     D:1: 1210 daAuts
     D:3: 1183 daAuts
     D:2: 895 daAuts
    D:10: 19 daAuts
